[Event "*** Titled Tuesday Blitz"]
[Site "Chess.com"]
[Date "2019.11.05"]
[Round "2"]
[White "wild_cat99"]
[Black "newauto"]
[Result "1-0"]
[WhiteElo "2400"]
[BlackElo "1902"]
[TimeControl "180+2"]
[EndTime "13:23:48 PST"]
[Termination "wild_cat99 won by resignation"]

1. d4 d5 2. c4 c6 3. Nf3 Nf6 4. g3 dxc4 5. Qc2 b5 6. a4 Bb7 7. Bg2 a6 8. Ne5 Nfd7 9. axb5 Nxe5 10. dxe5 axb5 11. Rxa8 Bxa8 12. O-O e6 13. Nc3 Nd7 14. h4 Qc7 15. Nxb5 cxb5 16. Bxa8 Bc5 17. Bf4 O-O 18.
Bg2 Rd8 19. Rd1 Nb6 20. b3 Rxd1+ 21. Qxd1 h6 22. Be4 c3 23. Qd3 b4 24. g4 Be7 25. h5 Qc5 26. Be3 Qxe5 27. Bxb6 Bd6 28. e3 f6 29. Bd4 Qh2+ 30. Kf1 Qh3+ 31. Bg2 Qxg4 32. Bxf6 gxf6 33. Qxd6 c2 34. Qd8+ Kh7 35. Qc7+ Kg8 36. Qxc2 Qxh5 37. Qc8+ Kf7 38. Qb7+ Kg8 39. Bf3 Qf5 40. Qa8+ Kg7 41. Qb7+ Kg8 42. Qe4 Qb5+ 43. Kg2 Qb6 44. Qg4+ Kf8 45. Qg6 e5 46. Qxh6+ Ke7 47.
Qg7+ Ke6 48. Bg4+ f5 49. Qg6+ Ke7 50. Qxb6 1-0

[Event "*** Titled Tuesday Blitz"]
[Site "Chess.com"]
[Date "2019.11.05"]
[Round "2"]
[White "Last7Samurai"]
[Black "nitpicker"]
[Result "1-0"]
[WhiteElo "2703"]
[BlackElo "2284"]
[TimeControl "180+2"]
[EndTime "13:23:50 PST"]
[Termination "Last7Samurai won by resignation"]

1. d4 Nf6 2. Bg5 d5 3. Nd2 c5 4. e3 Nc6 5. c3 Qb6 6. Rb1 a5 7.
Bd3 e5 8. dxe5 Nxe5 9. Bc2 Bd7 10. Ngf3 Ng6 11. O-O Be7 12. e4 dxe4 13. Nxe4 Rd8 14. Bxf6 gxf6 15. Ba4 Bc6 16. Bxc6+ Qxc6 17. Qc2 O-O 18.
Rfe1 Nf4 19. Ng3 Rfe8 20. Re4 Nd3 21. Rd1 c4 22. Nd4 Qc8 23. Qe2 Bc5 24. Ngf5 Bf8 25.
h4 Re5 26. Rxe5 fxe5 27. Qg4+ Kh8 28. Nf3 Qe6 29. Ng5 Qf6 30. Qh5 h6 31. Nxf7+ Kh7 32. Nxd8 Nf4 33. Rd7+ Kg8 34. Qg4+ Kh8 35. Nf7+ 1-0

[Event "*** Titled Tuesday Blitz"]
[Site "Chess.com"]
[Date "2019.11.05"]
[Round "2"]
[White "davigator"]
[Black "vlad10898"]
[Result "0-1"]
[WhiteElo "2298"]
[BlackElo "2630"]
[TimeControl "180+2"]
[EndTime "13:23:50 PST"]
[Termination "vlad10898 won by resignation"]

1. e4 c5 2. Nf3 d6 3. d4 cxd4 4. Nxd4 Nf6 5. Nc3 a6 6. Bg5 Nbd7 7. g4 b5 8. a3 Bb7 9. f3 e6 10. Qd2 Be7 11. h4 Qc7 12. O-O-O Nb6 13. Rg1 Nc4 14.
Bxc4 Qxc4 15. Kb1 Rc8 16. Be3 d5 17. e5 Nd7 18. f4 Bxa3 19. Ncxb5 axb5 20. bxa3 Nc5 21.
Qb4 Ba6 22. Rg2 Ne4 23. Kb2 Kd7 24. f5 Qxb4+ 25. axb4 Rc4 26. Kb3 Rc3+ 27. Kb2 Rxe3 28. fxe6+ fxe6 29. Rf1 Ke7 30. Ra1 Ra8 31. Ra5 Nc3 32.
Kc1 Bb7 33. Rxa8 Bxa8 34. Kd2 Rh3 35. h5 Ne4+ 36. Kc1 Rg3 37. Rxg3 Nxg3 38. Kd2 Ne4+ 39.
Ke3 Bb7 40. Nxb5 Ba6 41. Nd4 Nc3 42. Kd2 Nb5 43. Nf3 d4 44. Kd3 Kd7 45. Ng5 Kc6 46. Nxe6 Nc7+ 47. Kxd4 Nxe6+ 48. Ke4 Bc4 49. c3 g6 50.
hxg6 hxg6 51. Kf3 Kd5 0-1

[Event "*** Titled Tuesday Blitz"]
[Site "Chess.com"]
[Date "2019.11.05"]
[Round "2"]
[White "German_Bazeev"]
[Black "Hadza_3"]
[Result "1-0"]
[WhiteElo "2712"]
[BlackElo "2391"]
[TimeControl "180+2"]
[EndTime "13:23:52 PST"]
[Termination "German_Bazeev won by resignation"]

1. c4 e5 2. Nc3 Nc6 3. Nf3 a6 4.
e3 g6 5. d4 Bg7 6. d5 Nb8 7.
d6 cxd6 8. Ne4 Bf8 9. Nxd6+ Bxd6 10. Qxd6 f6 11. Bd2 Qe7 12. c5 Nc6 13. Bc4 Nh6 14.
Qxe7+ Kxe7 15. Bc3 Nf5 16. O-O-O Rd8 17. e4 Ng7 18. b4 Ne6 19. Bxe6 dxe6 20. Rxd8 Kxd8 21. Nd2 Nd4 22. Bxd4 exd4 23. Nc4 e5 24. Nb6 Rb8 25.
Nd5 f5 26. exf5 gxf5 27. Re1 e4 28. f3 Be6 29. Nf4 Bxa2 30. fxe4 fxe4 31. Rxe4 b6 32. Rxd4+ Kc7 33. Nd3 Rg8 34. g3 Be6 35. cxb6+ Kb7 36. Rd6 Bf5 37. Nc5+ Kb8 38. Nxa6+ Ka8 39. Nc5 Re8 40.
b7+ Kb8 41. Ra6 Kc7 42. Ra8 Rb8 43. Na6+ Kxb7 44. Rxb8+ Kxa6 45. Rf8 1-0

[Event "*** Titled Tuesday Blitz"]
[Site "Chess.com"]
[Date "2019.11.05"]
[Round "2"]
[White "VincentKeymer"]
[Black "Bryakin_Mikhail"]
[Result "1-0"]
[WhiteElo "2534"]
[BlackElo "2716"]
[TimeControl "180+2"]
[EndTime "13:23:55 PST"]
[Termination "VincentKeymer won by resignation"]

1. Nf3 d5 2. e3 Nf6 3. c4 c6 4.
d4 Bf5 5. Nc3 e6 6. Nh4 Be4 7.
f3 Bg6 8. g3 Be7 9. Bd2 Nbd7 10. Qb3 Qb6 11. Nxg6 hxg6 12. c5 Qc7 13. O-O-O b6 14.
cxb6 axb6 15. Kb1 c5 16. e4 dxe4 17. d5 Ne5 18. fxe4 exd5 19. Bb5+ Kf8 20. exd5 Bd6 21.
Bf4 Rd8 22. Bc6 Qb8 23. Nb5 Ne8 24. Bxe5 Bxe5 25. Bxe8 Rxe8 26. d6 Rd8 27. Rhf1 Bf6 28.
h4 Rh5 29. Rfe1 Re5 30. Rxe5 Bxe5 31. Qd5 Bxg3 32. Rd3 Bh2 33. h5 Qc8 34. Rf3 Qd7 35. hxg6 f6 36. Rh3 Bxd6 37. Rh8+ 1-0

[Event "*** Titled Tuesday Blitz"]
[Site "Chess.com"]
[Date "2019.11.05"]
[Round "2"]
[White "Zavgorodniy_Serg"]
[Black "rasmussvane"]
[Result "0-1"]
[WhiteElo "2582"]
[BlackElo "2833"]
[TimeControl "180+2"]
[EndTime "13:23:58 PST"]
[Termination "rasmussvane won by resignation"]

1. e4 c6 2. d4 d5 3. exd5 cxd5 4. c4 Nf6 5. Nc3 Nc6 6. Nf3 a6 7. cxd5 Nxd5 8. Bd3 g6 9. O-O Bg7 10. Re1 O-O 11. Nxd5 Qxd5 12. Be4 Qd6 13. d5 Ne5 14. Nxe5 Bxe5 15. g3 Bd7 16. Bh6 Rfd8 17. Qd2 Rac8 18. Rad1 Ba4 19. Rc1 Qf6 20. Bg5 Qd6 21.
Bg2 Rxc1 22. Rxc1 Bd7 23. b3 Rc8 24. h4 Rxc1+ 25. Qxc1 Bf5 26. Be3 Qd7 27. Qc5 h5 28.
Bd4 Bxd4 29. Qxd4 Qc7 30. Qe3 Kg7 31. Kh2 Qd6 32. Qd4+ Kg8 33. Qc4 Bd7 34. a4 a5 35.
Qc3 b6 36. Qe3 Kg7 37. Bf3 Qf6 38. Bg2 Bg4 39. f4 Kf8 40. Kg1 Qa1+ 41. Kh2 Qf6 42. Kg1 Kg8 43. Kf2 Qb2+ 44. Kg1 Qb1+ 45. Kh2 Qc2 46. Kg1 Qb1+ 47. Kh2 Qb2 48. Kg1 Qf6 49. Kf2 Bf5 50. Bf3 Bc2 51. Be2 Qd6 52. Bc4 Bf5 53.
Ke1 Kh7 54. Kd2 Qb4+ 55. Qc3 Qa3 56. Qe5 Qc5 57. Kc3 Qb4+ 58. Kb2 Qd2+ 59. Ka1 Qc1+ 60.
Ka2 0-1

[Event "*** Titled Tuesday Blitz"]
[Site "Chess.com"]
[Date "2019.11.05"]
[Round "2"]
[White "mikhaillushenkov"]
[Black "mjray79"]
[Result "1-0"]
[WhiteElo "2696"]
[BlackElo "2213"]
[TimeControl "180+2"]
[EndTime "13:23:58 PST"]
[Termination "mikhaillushenkov won by resignation"]

1. Nf3 Nf6 2. c4 e6 3. d4 d5 4. Nc3 Be7 5. Qc2 O-O 6. e4 dxe4 7. Nxe4 b6 8. Bd3 Nbd7 9. Bg5 h6 10. Bh4 Bb7 11. O-O c5 12. dxc5 Nxc5 13. Nxc5 Bxf3 14. Nxe6 fxe6 15. gxf3 Nh5 16. Bxe7 Qxe7 17. Be4 Nf4 18.
Kh1 Rac8 19. Rg1 Qh4 20. Rg4 Qh3 21. Rag1 Rc7 22. b4 Rcf7 23. c5 bxc5 24. bxc5 g5 25. c6 Rg7 26. a4 Nh5 27. Qb3 Nf6 28.
Qxe6+ Kh8 29. Qd6 Rgf7 30. R4g3 Qh5 31. Qe5 Kg8 32. Rxg5+ hxg5 33. Rxg5+ Qxg5 34. Qxg5+ Kh8 35. Qh6+ Nh7 36. Bxh7 Rxf3 1-0

[Event "*** Titled Tuesday Blitz"]
[Site "Chess.com"]
[Date "2019.11.05"]
[Round "2"]
[White "vanyakuba"]
[Black "Sanan_Sjugirov"]
[Result "0-1"]
[WhiteElo "2397"]
[BlackElo "2968"]
[TimeControl "180+2"]
[EndTime "13:24:01 PST"]
[Termination "Sanan_Sjugirov won on time"]

1. e4 g6 2. d4 Bg7 3. Nc3 d6 4. f4 a6 5. a4 Nd7 6. Nf3 c5 7. Be2 cxd4 8. Nxd4 Ngf6 9. O-O O-O 10. Kh1 Qc7 11. a5 b5 12. axb6 Nxb6 13. Bf3 Bb7 14.
Re1 Rfd8 15. Nb3 d5 16. e5 Ne4 17. Bxe4 dxe4 18. Qe2 Rac8 19. Na5 Ba8 20. Be3 Nd5 21. Nxd5 Rxd5 22. Qxa6 g5 23. c4 Rd3 24. Bb6 Qd7 25. Qb5 Qg4 26. Rg1 e3 27. c5 Be4 28. Qc4 Bxg2+ 29. Rxg2 Rd1+ 30. Rxd1 Qxd1+ 31. Rg1 e2 32. c6 e1=Q 33. Rxe1 Qxe1+ 34. Kg2 gxf4 35. e6 fxe6 36.
c7 f3+ 37. Kh3 Kh8 38. Nc6 f2 39. Bxf2 Qxf2 40. Qxe6 Qf3+ 41. Kh4 Bf6+ 0-1

[Event "*** Titled Tuesday Blitz"]
[Site "Chess.com"]
[Date "2019.11.05"]
[Round "2"]
[White "gmcorrales"]
[Black "Mikhail_Golubev"]
[Result "0-1"]
[WhiteElo "2868"]
[BlackElo "2619"]
[TimeControl "180+2"]
[EndTime "13:24:02 PST"]
[Termination "Mikhail_Golubev won by resignation"]

1. e4 c5 2. Nf3 d6 3. d4 Nf6 4. Nc3 cxd4 5. Nxd4 g6 6. Be3 Bg7 7. f3 O-O 8. Qd2 Nc6 9. O-O-O d5 10. exd5 Nxd5 11.
Nxc6 bxc6 12. Bd4 e5 13. Bc5 Be6 14. Ne4 Re8 15. g4 Qc7 16. h4 Rad8 17. h5 Nf4 18.
Bd6 Qb6 19. hxg6 hxg6 20. c4 Rxd6 21. Qxd6 Qe3+ 22. Rd2 Qxf3 23. Qxc6 Kf8 24. Rg1 Rc8 25. Qb7 Bxg4 26. Qb4+ Kg8 27. Ng5 Qe3 28. Rxg4 Qe1+ 29. Kc2 Qxf1 30. Kb3 Nd3 31. Qb7 Nc5+ 32. Kb4 Nxb7 33.
Rd7 Bf8+ 34. Kb5 Nd6+ 35. Ka6 Rxc4 36. Rxc4 Qxc4+ 37. Kxa7 Qa4+ 0-1

[Event "*** Titled Tuesday Blitz"]
[Site "Chess.com"]
[Date "2019.11.05"]
[Round "2"]
[White "Taron_Shagbazyan"]
[Black "Kazan28"]
[Result "1-0"]
[WhiteElo "2713"]
[BlackElo "2362"]
[TimeControl "180+2"]
[EndTime "13:24:02 PST"]
[Termination "Taron_Shagbazyan won by resignation"]

1. d4 Nf6 2. c4 g6 3. g3 Bg7 4. Bg2 O-O 5. Nc3 d6 6. e3 Nbd7 7. Nge2 e5 8. O-O Re8 9. b3 c6 10.
d5 c5 11. e4 Rf8 12. h3 Ne8 13. f4 exf4 14. gxf4 f5 15. exf5 Rxf5 16. Bb2 Rh5 17. Ng3 Bd4+ 18. Kh2 Rh6 19. Na4 Bxb2 20. Nxb2 Ndf6 21. f5 Ng7 22. fxg6 hxg6 23. Qf3 Nf5 24.
Nxf5 Bxf5 25. Rae1 Qd7 26. Qg3 Rf8 27. Nd1 Ng4+ 28. Kg1 Ne5 29. Re3 Rh5 30. Nc3 Qd8 31. Nb5 Kg7 32. Nxd6 Qxd6 33. Qxe5+ Qxe5 34. Rxe5 Rf7 35.
Rf3 Rh4 36. Rfe3 Rd4 37. Re2 b6 38. Re8 Kf6 39. Kh2 Rd3 40. Rh8 a5 41. Rb8 Rh7 42. Rxb6+ Kg5 43. Kg1 Bxh3 44. Bxh3 Rdxh3 45. Rg2+ Kf4 46.
Rbxg6 Ke3 47. R6g3+ Rxg3 48. Rxg3+ Kf4 49. Rg6 Re7 50. Kf2 Ke5 51. Ke3 a4 52. Re6+ Rxe6 53.
dxe6 axb3 54. e7 bxa2 55. e8=Q+ Kd6 56. Qa4 1-0

[Event "*** Titled Tuesday Blitz"]
[Site "Chess.com"]
[Date "2019.11.05"]
[Round "2"]
[White "gemarin"]
[Black "Konavets"]
[Result "0-1"]
[WhiteElo "2133"]
[BlackElo "2999"]
[TimeControl "180+2"]
[EndTime "13:24:03 PST"]
[Termination "Konavets won by resignation"]

1. d4 d5 2. c4 c6 3. Nc3 e6 4.
cxd5 exd5 5. Nf3 Bd6 6. Bg5 Nf6 7. e3 Bf5 8. Bd3 Bxd3 9. Qxd3 O-O 10. O-O Nbd7 11.
Qf5 Re8 12. Rac1 Re6 13. Rfe1 h6 14. Bh4 Qe8 15. Bg3 Bb4 16. a3 Bxc3 17. bxc3 Ne4 18. c4 Nb6 19. cxd5 Nxd5 20. Ne5 Ndf6 21. Rb1 Qe7 22. Ra1 Rd8 23. a4 Nxg3 24. hxg3 Rd5 25.
Qf3 Nd7 26. Nc4 Nb6 27. Nxb6 axb6 28. Reb1 Qc7 29. Qd1 c5 30. Qb3 Red6 31. a5 cxd4 32. axb6 Qd8 33. exd4 Rxd4 34. Qf3 Rc6 35. Ra7 Rxb6 36.
Rxb7 Rxb1+ 37. Rxb1 g6 38. Qe3 h5 39. Qf3 Kg7 40.
Rb7 Qe8 41. Qc3 Qe5 42. Qc7 Qe1+ 43. Kh2 Qxf2 44. Qe5+ Qf6 45. Qxf6+ Kxf6 46. Rb5 Ke6 47. Rb7 Rd5 48. Rb6+ Rd6 49. Rb7 f6 50. Rg7 Kf5 51. Rb7 Rd5 52. Rb4 Re5 53. Rf4+ Kg5 54. Rb4 Re2 55.
Rc4 f5 56. Rb4 Re4 57. Rb6 Rd4 58. Rc6 Kh6 59. Rf6 Re4 60. Rb6 Kg7 61. Rc6 Kf7 62. Rb6 Re6 63. Rb7+ Kf6 64. Rb4 Rd6 65. Ra4 g5 66.
Ra5 Ke6 67. Rb5 Rc6 68. Ra5 Kf6 69. Rb5 g4 70. Ra5 Rc2 71. Ra8 h4 72. gxh4 f4 73.
Rf8+ Ke5 74. Re8+ Kd4 75. h5 f3 76. h6 Rxg2+ 77. Kh1 Rg3 78. Rg8 f2 79. Rf8 Rg1+ 80.
Kh2 f1=Q 81. Rxf1 Rxf1 0-1

[Event "*** Titled Tuesday Blitz"]
[Site "Chess.com"]
[Date "2019.11.05"]
[Round "2"]
[White "Ginger_GM"]
[Black "FearlessKing64"]
[Result "0-1"]
[WhiteElo "2482"]
[BlackElo "2293"]
[TimeControl "180+2"]
[EndTime "13:24:04 PST"]
[Termination "FearlessKing64 won by resignation"]

1. e4 c5 2. d4 cxd4 3. c3 g6 4. cxd4 d5 5. e5 Nc6 6. h4 h5 7.
Nc3 Nh6 8. Bb5 Bg7 9. Nge2 O-O 10. Bf4 Nf5 11. f3 e6 12. g4 hxg4 13. fxg4 Nxh4 14. Qd3 Ng2+ 15. Kd2 Nxf4 16. Nxf4 Qg5 17. Ne2 Bd7 18. Qh3 Rfc8 19. Raf1 Nxe5 20. Bxd7 Nxd7 21. Kd3 Nf6 22. Rh2 Qxg4 23. Qe3 Qf5+ 24. Kd2 Ng4 25. Rg2 Nxe3 26. Kxe3 Qe4+ 27. Kf2 Bxd4+ 28. Kg3 Be5 29. Kh3 Qf5+ 30. Kh2 Kf8 31. Kh1 g5 32. Ng3 Bxf4 33. Nxf5 exf5 34.
Re2 Rd8 35. Rd1 d4 36. Kg2 d3 37. Ree1 Rac8 38. Rh1 Rc2+ 39. Kf3 Kg7 40. Rh5 Re8 0-1

[Event "*** Titled Tuesday Blitz"]
[Site "Chess.com"]
[Date "2019.11.05"]
[Round "2"]
[White "Vojtap"]
[Black "Vamostodorecto"]
[Result "0-1"]
[WhiteElo "2148"]
[BlackElo "2441"]
[TimeControl "180+2"]
[EndTime "13:24:04 PST"]
[Termination "Vamostodorecto won by resignation"]

1. e3 e5 2. e4 Nc6 3. Nc3 Nf6 4. d3 d5 5. exd5 Nxd5 6. Nf3 Bc5 7. Be2 O-O 8. O-O h6 9. Re1 f5 10. Bf1 Nxc3 11.
bxc3 Qf6 12. Be3 Bb6 13. d4 e4 14. Bc4+ Kh8 15. Nd2 f4 16. Nxe4 Qg6 17. Bc1 f3 18.
Ng3 Bg4 19. Ba3 Rf6 20. Qd3 Qg5 21. Ne4 Qf4 22. Nxf6 Qxf6 23. Bd5 fxg2 24. Bxg2 Nxd4 25. cxd4 Bxd4 26. Qg3 Bxa1 27. Qxg4 Bd4 28. Re2 c6 29. Bc1 Rf8 30. Be3 Bxe3 31. Rxe3 Qxf2+ 32. Kh1 Qxe3 33. h3 Qc1+ 34. Kh2 Qf4+ 35. Qxf4 Rxf4 36. Kg3 Rc4 0-1

[Event "*** Titled Tuesday Blitz"]
[Site "Chess.com"]
[Date "2019.11.05"]
[Round "2"]
[White "NemtsevIgor"]
[Black "RiskyDecision"]
[Result "0-1"]
[WhiteElo "2274"]
[BlackElo "2514"]
[TimeControl "180+2"]
[EndTime "13:24:06 PST"]
[Termination "RiskyDecision won by resignation"]

1. d4 f5 2. Nc3 Nf6 3. Bg5 d5 4. Bxf6 exf6 5. e3 Be6 6. Nce2 Nc6 7. h4 h5 8. Nh3 Qd7 9. Nhf4 Bf7 10. g3 O-O-O 11.
Bg2 Kb8 12. a3 Ne7 13. b3 Nc8 14. Nd3 Nd6 15. Nc5 Qe8 16. a4 Ne4 17. Nxe4 fxe4 18. Kf1 g5 19. Kg1 gxh4 20. Rxh4 Bh6 21. Nf4 Bg5 22.
Rh2 h4 23. c4 hxg3 24. fxg3 Rxh2 25. Kxh2 dxc4 26. bxc4 Bxc4 27. Qc2 Bxf4 28. exf4 Rxd4 29.
Rc1 c6 30. Qb2 Qd7 31. Qb4 Bd3 32. Qf8+ Qd8 33. Qg7 Ka8 34. Rc5 Rd7 35. Qg4 Rh7+ 36. Bh3 Bf1 37. Rh5 Rxh5 38. Qxh5 Bxh3 39. Kxh3 e3 40.
f5 a5 41. Qg4 Qe7 42. Qe2 Qe4 43. g4 Qf4 44. Qe1 Qf3+ 45. Kh4 Qf2+ 46. Qxf2 exf2 0-1

[Event "*** Titled Tuesday Blitz"]
[Site "Chess.com"]
[Date "2019.11.05"]
[Round "2"]
[White "MikeSailer"]
[Black "NZT72"]
[Result "0-1"]
[WhiteElo "2204"]
[BlackElo "2484"]
[TimeControl "180+2"]
[EndTime "13:24:07 PST"]
[Termination "NZT72 won by resignation"]

1. b4 e5 2. Bb2 Bxb4 3. Bxe5 Nf6 4. Nf3 O-O 5. e3 d5 6. Be2 Nbd7 7. Bb2 Nb6 8. a4 a5 9. O-O Bd7 10. c3 Bd6 11.
Bb5 Bxb5 12. axb5 Qd7 13. Na3 Rfe8 14. Qe2 Ne4 15. Nd4 Nc5 16. f4 Ne6 17. Nf5 Bf8 18.
Qg4 g6 19. Ng3 Nc5 20. Qxd7 Nbxd7 21. Nc2 Nb3 22. Rad1 Ndc5 23. d4 Na4 24. Ba3 Bxa3 25. Nxa3 Rxe3 26. c4 Nc3 27. Rde1 Rae8 28. Rxe3 Rxe3 29.
cxd5 Nxd5 30. Nc4 Rc3 31. Ne5 f6 32. Nd7 Kf7 33. f5 Rc1 34. fxg6+ hxg6 35. Rxc1 Nxc1 36. Kf2 a4 37. Nc5 a3 38. Ne2 a2 39. Nxc1 a1=Q 40. Ne2 Qb2 41. Ne4 Nf4 42. Nc3 Nxe2 43. Nxe2 Qxb5 0-1

[Event "*** Titled Tuesday Blitz"]
[Site "Chess.com"]
[Date "2019.11.05"]
[Round "2"]
[White "Niklas2304"]
[Black "Pultis"]
[Result "0-1"]
[WhiteElo "2326"]
[BlackElo "2705"]
[TimeControl "180+2"]
[EndTime "13:24:08 PST"]
[Termination "Pultis won by resignation"]

1. e4 e5 2. Nf3 Nc6 3. Bb5 a6 4. Ba4 Nf6 5. O-O b5 6. Bb3 Be7 7. d4 Nxd4 8. Nxd4 exd4 9. e5 Ng8 10. Qf3 d5 11. exd6 Be6 12. Bxe6 fxe6 13. Qc6+ Kf7 14. dxe7 Nxe7 15. Qf3+ Kg8 16. Qe4 Kf7 17. Re1 Qd7 18. Qf3+ Kg6 19. h4 h5 20. Qg3+ Kh7 21. Qg5 Rhf8 22. Qxh5+ Kg8 23. Bg5 Rf5 24. Nd2 Raf8 25. Ne4 Qc6 26. Rad1 Qxc2 27. Qe2 Qxe2 28. Rxe2 Nc6 29.
Ng3 Rd5 30. Rxe6 Na5 31. b3 c5 32. Nh5 c4 33. Nf4 Rd7 34. Re7 Rxe7 35. Bxe7 Rxf4 36. Bg5 Re4 37. f3 Re2 38. Rxd4 Rxa2 39. bxc4 Nxc4 40. h5 Ne5 41. h6 gxh6 42. Bxh6 Kf7 43. Bf4 Nc4 44.
g4 a5 45. g5 a4 46. Rd7+ Kg6 47. Rb7 a3 48. Rxb5 Rb2 0-1

[Event "*** Titled Tuesday Blitz"]
[Site "Chess.com"]
[Date "2019.11.05"]
[Round "2"]
[White "Manukyan_Artak"]
[Black "snowlord"]
[Result "0-1"]
[WhiteElo "2379"]
[BlackElo "2733"]
[TimeControl "180+2"]
[EndTime "13:24:08 PST"]
[Termination "snowlord won by resignation"]

1. e4 c5 2. Nf3 d6 3. Bb5+ Nc6 4. O-O Bd7 5. Re1 Nf6 6. c3 a6 7. Bxc6 Bxc6 8. d4 cxd4 9. cxd4 Bxe4 10. Bg5 d5 11.
Bxf6 exf6 12. Nc3 Be7 13. Nxe4 dxe4 14. Rxe4 O-O 15. d5 Bd6 16. Qd2 f5 17. Re2 Rc8 18.
Rd1 Qf6 19. Qg5 Qxg5 20. Nxg5 Rfe8 21. Rxe8+ Rxe8 22. Kf1 Rc8 23. Nf3 g6 24. Ke2 Kg7 25. Kd3 Rc5 26. Kd4 b5 27. a3 Kf6 28. h4 Rc2 29. Rd2 Bc5+ 30. Kd3 Rxd2+ 31. Nxd2 Bxf2 32. Nf3 h5 33. b3 Ke7 34. a4 Kd6 35. axb5 axb5 36. Nd4 Bxd4 37. Kxd4 f6 38. g3 g5 39. b4 f4 40. hxg5 fxg3 41. gxf6 g2 42. f7 g1=Q+ 43. Ke4 Qg6+ 0-1

[Event "*** Titled Tuesday Blitz"]
[Site "Chess.com"]
[Date "2019.11.05"]
[Round "2"]
[White "shnitez"]
[Black "LuisFSiles"]
[Result "0-1"]
[WhiteElo "2509"]
[BlackElo "2313"]
[TimeControl "180+2"]
[EndTime "13:24:10 PST"]
[Termination "LuisFSiles won by resignation"]

1. d4 Nf6 2. Bf4 g6 3. Nc3 d5 4. e3 Bg7 5. h4 h5 6. Nf3 Bf5 7. Ne5 c6 8. f3 Nfd7 9. Nd3 Bxd3 10. Bxd3 e5 11. dxe5 Nxe5 12. Qd2 Nbd7 13. O-O-O Qa5 14. Kb1 Nb6 15. Bxe5 Bxe5 16. Ne2 Qxd2 17. Rxd2 O-O-O 18. c3 Rhe8 19. Kc2 Bg7 20. e4 dxe4 21. fxe4 Bh6 22. Rdd1 Nd7 23. Nd4 Ne5 24. Nf3 Ng4 25. Rde1 Nf2 26. Rd1 Nxh1 27. Rxh1 Bf4 28. Rg1 Bg3 29.
Rf1 Re7 30. b4 Kc7 31. a3 Red7 32. Bc4 b5 33. Be2 Bf4 34. Ra1 Rd2+ 35. Nxd2 Rxd2+ 36. Kb3 Rxe2 37. a4 Kb6 38. axb5 cxb5 39. Rd1 Rxe4 40. Rd7 f6 41. Rf7 Re6 42. Rg7 g5 43. Rh7 gxh4 44.
Rxh5 Bg5 45. Rh8 Re2 0-1

[Event "*** Titled Tuesday Blitz"]
[Site "Chess.com"]
[Date "2019.11.05"]
[Round "2"]
[White "MikaelyanArman"]
[Black "Simoncelli15"]
[Result "1-0"]
[WhiteElo "2738"]
[BlackElo "2382"]
[TimeControl "180+2"]
[EndTime "13:24:13 PST"]
[Termination "MikaelyanArman won by resignation"]

1. e4 c6 2. d4 d5 3. exd5 cxd5 4. Bd3 Nc6 5. c3 Qc7 6. Ne2 Bg4 7. O-O e6 8. Qe1 Nf6 9. f3 Bh5 10. Qh4 Bg6 11.
Bxg6 fxg6 12. Bg5 Qf7 13. Nd2 Bd6 14. Rae1 O-O-O 15. Nf4 Rde8 16. Qh3 h6 17. Rxe6 Rxe6 18. Nxe6 Qd7 19. Bxf6 gxf6 20. Nb3 b6 21. c4 dxc4 22. d5 Ne5 23. Nbd4 f5 24. Rc1 Bc5 25. Nxc5 Qxd5 26. Nce6 Re8 27. Qxh6 Nd3 28. Rd1 Rxe6 29. Nxe6 Qxe6 30. h3 Qe2 31. Qd2 Qe5 32. b3 Kb7 33.
bxc4 Nf4 34. Qd7+ Ka6 35. Qa4+ 1-0

[Event "*** Titled Tuesday Blitz"]
[Site "Chess.com"]
[Date "2019.11.05"]
[Round "2"]
[White "KL31"]
[Black "champ2005"]
[Result "0-1"]
[WhiteElo "2506"]
[BlackElo "2916"]
[TimeControl "180+2"]
[EndTime "13:24:16 PST"]
[Termination "champ2005 won on time"]

1. d4 Nf6 2. Nf3 e6 3. Bf4 b6 4. e3 Bb7 5. Nbd2 d6 6. h3 Nbd7 7. Bd3 g6 8. O-O Bg7 9. e4 O-O 10. Qe2 Nh5 11. Bg5 Qe8 12. e5 h6 13. Be3 dxe5 14. dxe5 Nxe5 15. Nxe5 Bxe5 16. Bxh6 Bxb2 17. Nc4 Bxa1 18. Rxa1 Qc6 19. f3 Qc5+ 20. Kh2 Rfd8 21. Re1 Qd4 22. Ne5 Nf4 23. Qd2 Nxd3 24. cxd3 f6 25.
Nxg6 Kf7 26. Nf4 e5 27. Nh5 Rh8 28. Nxf6 Kxf6 29. Qg5+ Ke6 30. Bg7 Kd7 31. Qf5+ Kc6 32. Bxe5 Qd5 33. Qg6+ Kb5 0-1

[Event "*** Titled Tuesday Blitz"]
[Site "Chess.com"]
[Date "2019.11.05"]
[Round "2"]
[White "ShahMatKanal"]
[Black "StoreySniper"]
[Result "1-0"]
[WhiteElo "2531"]
[BlackElo "2305"]
[TimeControl "180+2"]
[EndTime "13:24:16 PST"]
[Termination "ShahMatKanal won by resignation"]

1. e4 g6 2. f4 Bg7 3. Nf3 c5 4.
c3 d5 5. d3 dxe4 6. dxe4 Qxd1+ 7. Kxd1 Nf6 8. Bd3 c4 9. Bxc4 Nxe4 10. Re1 Nd6 11. Bd3 Bg4 12. Nd2 Nc6 13. Kc2 Rc8 14. a3 O-O 15. h3 Bf5 16. Bxf5 Nxf5 17. Nb3 e6 18. g4 Nfd4+ 19. Nbxd4 Nxd4+ 20. Nxd4 Bxd4 21. Be3 Bxe3 22. Rxe3 Rc4 23. Rf1 Rc5 24. Rd3 Rfc8 25. Rd7 R8c7 26. Rfd1 h6 27. R1d4 Kg7 28. Kd3 g5 29. fxg5 hxg5 30. c4 Kg6 31. b4 R5c6 32. c5 b6 33. Rxc7 Rxc7 34. Kc4 bxc5 35. bxc5 f5 36.
Rd6 Kf6 37. gxf5 Kxf5 38. c6 e5 39. Kd5 e4 40. Rd7 Rc8 41. Rf7+ Kg6 42. Re7 Rd8+ 43. Kxe4 Rd6 44. c7 Rc6 45. Kd5 Rc3 46. Re6+ 1-0

[Event "*** Titled Tuesday Blitz"]
[Site "Chess.com"]
[Date "2019.11.05"]
[Round "2"]
[White "catalin009"]
[Black "Alexander_Donchenko"]
[Result "1/2-1/2"]
[WhiteElo "2553"]
[BlackElo "2773"]
[TimeControl "180+2"]
[EndTime "13:24:19 PST"]
[Termination "Game drawn by repetition"]

1. e4 c6 2. Nc3 d5 3. Nf3 dxe4 4. Nxe4 Nf6 5. Nxf6+ exf6 6. Bc4 Bd6 7. O-O O-O 8.
d3 Nd7 9. h3 Ne5 10. Bb3 a5 11. a4 Re8 12. Bd2 Be6 13. Bxe6 Nxf3+ 14. Qxf3 fxe6 15.
Rfe1 Qb6 16. b3 Bb4 17. Bxb4 Qxb4 18. Qe4 Qxe4 19. dxe4 Red8 20. Rad1 Kf7 21. f3 Ke7 22. Kf2 b5 23. Ke3 bxa4 24. bxa4 Rxd1 25. Rxd1 Rb8 26.
Rd4 e5 27. Rd3 Rb4 28. Rb3 Rxb3+ 29. cxb3 Kd6 30. Kd3 Kc5 31. Kc3 g6 32. g3 g5 33.
g4 h6 34. b4+ axb4+ 35. Kb3 Kd4 36. Kxb4 c5+ 37. Kb3 Kd3 38. Kb2 Kd2 39. Kb3 Kd3 40. Kb2 Kc4 41. Ka3 Kd3 42. Kb2 1/2-1/2

[Event "*** Titled Tuesday Blitz"]
[Site "Chess.com"]
[Date "2019.11.05"]
[Round "2"]
[White "Alexander_Zubov"]
[Black "Alex_Molchanov"]
[Result "1-0"]
[WhiteElo "2950"]
[BlackElo "2636"]
[TimeControl "180+2"]
[EndTime "13:24:24 PST"]
[Termination "Alexander_Zubov won by resignation"]

1. d4 d5 2. c4 e6 3. Nf3 Nf6 4. e3 Be7 5. b3 O-O 6. Bb2 b6 7.
Bd3 Bb7 8. O-O Nbd7 9. Qe2 Ne4 10. Nc3 f5 11. cxd5 exd5 12. Ba6 Qc8 13. Nxd5 Bd6 14. Bxb7 Qxb7 15. Nf4 Bxf4 16. exf4 Ndf6 17. Ne5 Rad8 18. Rac1 Nd5 19. g3 Rf6 20. Rc2 Re8 21. f3 Nd6 22. Ba3 a5 23. Rfc1 g6 24. Rc6 Kg7 25. h4 Re7 26. Qd2 Ree6 27. R6c2 Nb5 28. Bb2 Rd6 29.
a4 Na7 30. Ba3 Rde6 31. Kf2 Nc8 32. Rh1 h5 33. Rhc1 Nd6 34. Qd3 Re8 35. Qd2 Ree6 36.
b4 axb4 37. Bxb4 Qa6 38. Rxc7+ Nxc7 39. Rxc7+ Kh6 40. d5 Ne8 41. Rd7 Rd6 42. Bxd6 Nxd6 43. Rxd6 Rxd6 44. Nf7+ Kh7 45. Nxd6 Qxa4 46. Nf7 Qd7 47.
Ng5+ Kh6 48. Qd4 1-0

[Event "*** Titled Tuesday Blitz"]
[Site "Chess.com"]
[Date "2019.11.05"]
[Round "2"]
[White "TomasKapitanchuk"]
[Black "DrVitman"]
[Result "1-0"]
[WhiteElo "2505"]
[BlackElo "2710"]
[TimeControl "180+2"]
[EndTime "13:24:25 PST"]
[Termination "TomasKapitanchuk won by resignation"]

1. e4 c5 2. Nf3 Nc6 3. Bb5 g6 4. Bxc6 dxc6 5. d3 Bg7 6. h3 Nf6 7. Nc3 Nd7 8. Be3 e5 9. Qd2 h6 10. O-O b6 11. Nh2 Nf8 12. f4 exf4 13. Bxf4 Ne6 14.
Bg3 c4 15. Rae1 cxd3 16. cxd3 Ba6 17. Rf3 Ng5 18. Rfe3 Bd4 19. e5 Bxe3+ 20. Rxe3 Qd4 21. h4 Ne6 22. Nf3 Qg4 23. Ne4 O-O-O 24. Nh2 Qf5 25.
Nd6+ Rxd6 26. exd6 Rd8 27. Rf3 Qc5+ 28. Kh1 g5 29. Rxf7 gxh4 30. Bxh4 Rd7 31. Qxh6 Qxd6 32. Rf6 Re7 33. Rf8+ Nxf8 34. Qxd6 Rf7 35. Qxc6+ Rc7 36. Qe8+ Kb7 37. Qxf8 Rc1+ 38. Nf1 Bxd3 39. Qf3+ Kc7 40. Qxd3 Ra1 41. Bg3+ 1-0